 Dungeon Crawl Stone Soup version 0.32-a0-705-g60f233581c (webtiles) character file.

Game seed: 15914114469567559219

1971 senseless the Fighter (level 9, 0/74 (82) HPs)
             Began as a Minotaur Gladiator on Mar 14, 2024.
             Was an Initiate of Okawaru.
             Slain by a wight
             ... wielding a +2 great sword
              (5 damage)
             ... on level 7 of the Dungeon.
             The game lasted 00:15:22 (5629 turns).

senseless the Fighter (Minotaur Gladiator)          Turns: 5629, Time: 00:15:23

HP:   0/74 (82)     AC:  7    Str: 29    XL:     9   Next: 0%
MP:   2/2           EV: 12    Int:  5    God:    Okawaru [......]
Gold: 94            SH:  0    Dex:  9    Spells: 8/8 levels left

rFire   . . .        z - +11 long sword of Kismet {antimagic, Str+2}
rCold   + . .        (no shield)
rNeg    . . .        k - +2 leather armour of the Big Bang {rElec rC+ Str+4 Dex-3}
rPois   .            c - +1 hat
rElec   +            (no cloak)
rCorr   .            f - +0 pair of gloves
SInv    .            (no boots)
Will    .....        o - amulet of faith
Stlth   +            (no ring)
HPRegen 0.32/turn    (no ring)
MPRegen 0.08/turn

%: faith
@: drained
A: horns 2, retaliatory headbutt
a: Renounce Religion


You were on level 7 of the Dungeon.
You worshipped Okawaru.
Okawaru was noncommittal.
You visited 2 branches of the dungeon, and saw 8 of its levels.
You also visited: Sewer.

You collected 388 gold pieces.
You spent 294 gold pieces at shops.

Inventory:

Hand Weapons
 a - a +0 war axe of electrocution
 x - a +0 battleaxe
 z - the +11 long sword of Kismet (weapon) {antimagic, Str+2}
   (You found it on level 6 of the Dungeon)

   Str+2:     It affects your strength (+2).
Missiles
 d - 3 throwing nets
 e - a javelin
 h - 38 poisoned darts (quivered)
 r - a curare-tipped dart
 F - a boomerang
 I - 4 silver javelins
Armour
 b - a +0 chain mail
 c - a +1 hat (worn)
 f - a +0 pair of gloves (worn)
 k - the +2 leather armour of the Big Bang (worn) {rElec rC+ Str+4 Dex-3}
   (You found it on level 4 of the Dungeon)

   Str+4:     It affects your strength (+4).
   Dex-3:     It affects your dexterity (-3).
   rC+:       It protects you from cold.
   rElec:     It insulates you from electricity.
 A - the +0 robe of Rotation {rPois rF++ Int+3 Archmagi}
   (You found it on level 6 of the Dungeon)

   Int+3:     It affects your intelligence (+3).
   rF++:      It greatly protects you from fire.
   rPois:     It protects you from poison.
   Archmagi:  It increases the power of your magical spells.
 G - the +1 leather armour "Duzuih" {rElec rPois rN+}
   (You found it on level 7 of the Dungeon)

   rElec:     It insulates you from electricity.
   rPois:     It protects you from poison.
   rN+:       It protects you from negative energy.
Jewellery
 o - an amulet of faith (around neck)
Wands
 y - a wand of digging (2)
 B - a wand of iceblast (4)
 D - a wand of mindburst (10)
 J - a wand of acid (6)
Scrolls
 j - a scroll of silence
 m - a scroll of vulnerability
 n - 2 scrolls of teleportation
 t - a scroll of poison
 u - a scroll of revelation
 w - a scroll of blinking
 E - a scroll of fog
 H - a scroll of fear
Potions
 g - 4 potions of curing
 i - a potion of enlightenment
 l - a potion of berserk rage
 p - 2 potions of haste
 q - 4 potions of resistance
 s - a potion of cancellation
 v - a potion of might
 C - a potion of invisibility


   Skills:
 * Level 8.6 Fighting
 + Level 6.7 Axes
 + Level 5.1 Throwing
 + Level 5.4 Armour
 + Level 6.1 Dodging


You had 8 spell levels left.
You didn't know any spells.
Your spell library contained the following spells:

 Spells                   Type           Power      Damage    Failure   Level
 Mercury Vapours          Alch/Air       0%         N/A       65%         2
 Mephitic Cloud           Conj/Alch/Air  0%         N/A       87%         3
 Freezing Cloud           Conj/Ice/Air   0%         6-21      100%        5
 Summon Forest            Summ/Tloc      Unusable   N/A       N/A         5
 Summon Mana Viper        Hex/Summ       Unusable   N/A       N/A         5
 Summon Cactus Giant      Summ           Unusable   N/A       N/A         6

Dungeon Overview and Level Annotations

Branches:
Dungeon (7/15)             Temple (1/1) D:7           Sewer (visited)

Altars:
Ashenzari
Cheibriados
Dithmenos
Elyvilon
Fedhas
Gozag
Hepliaklqana
Kikubaaqudgha
Makhleb
Nemelex Xobeh
Okawaru
Ru
Sif Muna
Trog
Uskayaw
Vehumet
Wu Jian
Yredelemnul
Zin
The Shining One

Shops:
D:5 ?


Innate Abilities, Weirdness & Mutations

You have a pair of horns on your head.
You reflexively headbutt those who attack you in melee.


Message History

4 wights come into view.
You hit the wight. Your headbutt misses the wight.
The wight is lightly damaged.
The wight misses you.
You hit the wight.
The wight is moderately damaged.
The wight hits you with a +2 great sword!
The wight closely misses you.
You slash the wight!
You destroy the wight!
Okawaru accepts your kill.
The wight hits you from afar with a +0 halberd.
The wight barely misses you. The ice beast barely misses you.
The ice beast hits you. The ice beast freezes you. You resist.
The wight hits you from afar with a +0 halberd.
The wight hits you with a +2 great sword!
You feel drained.
You have reached level 9!
Your experience leads to an increase in your attributes!
Your base attributes are Str 21, Int 5, Dex 12.
Increase (S)trength, (I)ntelligence, or (D)exterity?
You feel stronger. x2
You closely miss the wight.
The wight hits you from afar with a +0 halberd!
The wight hits you with a +2 great sword!
* * * LOW HITPOINT WARNING * * *
You feel drained.
* * * LOW HITPOINT WARNING * * *
The ice beast hits you but does no damage.
The ice beast attacks as it pursues you!
The ice beast closely misses you.
Blink to where?
Press: ? - help, Dir - move target
As you read the scroll of blinking, it crumbles to dust.
There is a stone staircase leading up here.
A wight is nearby!
The wight hits you with a +2 great sword!!
* * * LOW HITPOINT WARNING * * *
You feel drained.
You die...

### #.........# ##.##....
##.###.........###...#....
#..#.............#...#.... ###
#....#.................... #.#
##..##..................†.
##.####..##..#.................
#.......#....##.#..............
#......##...###.#...........#..
##...#..#...##@.............##.
####..###.###z##..###.###.....
#..###..#Y.....######......
##..##..z....#..##........#
##................#...#### ###
#...z#...##...##.#...#
#####.###.....#.#..#.##......####
........#..#..#....#....##.....##
............##....#.........#....


You could see an ice beast and 3 wights.

Vanquished Creatures
  Pikel (D:6)
  2 water moccasins
  An ice beast (D:6)
  An ogre (D:6)
  A centaur (D:5)
  2 phantoms
  3 kobold brigands (Sewer)
  2 lemures (D:6)
  Blork the orc (D:4)
  A wight (D:7)
  A howler monkey (D:7)
  2 bombardier beetles (D:5)
  5 hounds
  4 iguanas
  3 gnolls (D:3)
  7 adders
  A river rat (D:3)
  2 white imps
  4 ufetubi
  A dart slug (D:4)
  3 ribbon worms
  8 orcs
  10 ball pythons
  5 bats
  10 endoplasms
  7 giant cockroaches
  6 goblins
  2 hobgoblins
  7 jackals
  6 quokkas
  2 frilled lizards
  17 kobolds
  5 rats
133 creatures vanquished.

Notes
Turn   | Place    | Note
-------+----------+-------------------------------------------
     0 | D:1      | senseless the Minotaur Gladiator began the quest for the
                  | Orb.
     0 | D:1      | Reached XP level 1. HP: 18/18 MP: 0/0
   119 | D:1      | Reached XP level 2. HP: 25/25 MP: 1/1
   264 | D:1      | Reached skill level 1 in Armour
   309 | D:1      | Reached skill level 3 in Fighting
   693 | D:2      | Reached XP level 3. HP: 31/31 MP: 2/2
   718 | D:2      | Found a white marble altar of Elyvilon.
  1762 | D:3      | Reached XP level 4. HP: 35/40 MP: 3/3
  1829 | D:3      | Reached skill level 4 in Fighting
  2003 | D:3      | Found a glowing drain.
  2020 | D:3      | Reached XP level 5. HP: 44/46 MP: 4/4
  2038 | Sewer    | Entered a sewer
  2339 | Sewer    | Reached skill level 5 in Fighting
  2339 | Sewer    | Reached XP level 6. HP: 39/56 MP: 5/5
  2944 | D:4      | Noticed Blork the orc
  2955 | D:4      | Killed Blork the orc
  3208 | D:4      | Identified the +2 leather armour of the Big Bang {rElec rC+
                  | Str+4 Dex-3}
  3264 | D:4      | Reached skill level 5 in Axes
  3264 | D:4      | Reached XP level 7. HP: 58/62 MP: 6/6
  3705 | D:5      | Entered Level 5 of the Dungeon
  3716 | D:5      | Reached skill level 6 in Fighting
  3736 | D:5      | Found Wunnogga's Magic Scroll Boutique.
  3743 | D:5      | Bought a scroll of revelation for 105 gold pieces
  3743 | D:5      | Bought a scroll of brand weapon for 133 gold pieces
  3743 | D:5      | Bought a scroll of identify for 28 gold pieces
  3875 | D:5      | Bought a scroll of identify for 28 gold pieces
  4208 | D:6      | Reached skill level 5 in Dodging
  4332 | D:6      | Reached skill level 7 in Fighting
  4332 | D:6      | Reached XP level 8. HP: 53/73 MP: 7/7
  4423 | D:6      | Identified the +11 long sword of Kismet {antimagic, Str+2}
  4642 | D:6      | Identified the +0 robe of Rotation {rPois rF++ Int+3
                  | Archmagi}
  4697 | D:6      | Noticed Pikel
  4716 | D:6      | Killed Pikel
  4717 | D:6      | Reached skill level 8 in Fighting
  4717 | D:6      | Reached skill level 5 in Armour
  5116 | D:6      | Found a sparkling altar of Nemelex Xobeh.
  5212 | D:7      | Found a burning altar of Makhleb.
  5298 | D:7      | Found a glowing silver altar of Zin.
  5348 | D:7      | Identified the +1 leather armour "Duzuih" {rElec rPois rN+}
  5388 | D:7      | Reached skill level 5 in Throwing
  5414 | D:7      | Found a staircase to the Ecumenical Temple.
  5484 | Temple   | Entered the Ecumenical Temple
  5509 | Temple   | Became a worshipper of Warmaster Okawaru
  5611 | D:7      | Reached XP level 9. HP: 38/80 MP: 2/8
  5629 | D:7      | Slain by a wight

Illustrated notes

Levels and vault maps discovered:
D:1:      dpeg_arrival_fog, layout_basic
D:2:      layout_loops_corners, basic_altar
D:3:      layout_basic, cheibrodos_sewer_entry_sluice
D:4:      layout_cave_pools, uniq_blork_the_orc
D:5:      layout_rooms, serial_shops, nicolae_square_shop
D:6:      layout_gridville, mainiacjoe_overflow_alcove_1, uniq_pikel
D:7:      layout_cave_pools, lightli_temple_of_fire, zin_academy,
          minmay_temple_entry_mini_moons
Temple:   regret_index_temple_sphere_string

Skill      XL: |  1  2  3  4  5  6  7  8 |
---------------+-------------------------+-----
Armour         | 1 2 3 4 5 |  5.4
Fighting       | 3 4 5 7 8 |  8.6
Axes           | 4 5 6 |  6.7
Throwing       | 3 4 5 |  5.1
Dodging        | 4 5 6 |  6.1

Action                     |  1- 3 |  4- 6 |  7- 9 || total
---------------------------+-------+-------+-------++-------
  Melee: War axe           |    86 |   104 |    66 ||   256
         Headbutt          |    17 |    14 |    17 ||    48
         Long sword        |       |       |    52 ||    52
  Throw: Dart              |       |     4 |       ||     4
    Use: Scroll            |     4 |     7 |    10 ||    21
 Armour: Leather armour    |    63 |     4 |   102 ||   169
         Ring mail         |       |    73 |       ||    73
         Chain mail        |       |    15 |       ||    15
  Dodge: Dodged            |    62 |    62 |   103 ||   227

Table legend: (Time is in decaauts)
 A = Elapsed time spent in this place.
 B = Non-inter-level travel time spent in this place.
 C = Inter-level travel time spent in this place.
 D = Time resting spent in this place.
 E = Time spent auto-exploring this place.
 F = Levels seen in this place.
 G = Mean time per level.
                   A        B        C        D        E       F      G
               +--------+--------+--------+--------+--------+-----+--------+
         Total |   5742 |   5412 |    330 |    386 |   3991 |   9 |  638.0 |
       Dungeon |   5084 |   4802 |    282 |    193 |   3689 |   7 |  726.3 |
        Temple |     50 |      2 |     48 |      0 |      0 |   1 |   50.0 |
         Sewer |    607 |    607 |      0 |    193 |    302 |   1 |  607.0 |
               +--------+--------+--------+--------+--------+-----+--------+

Top non-repeatable levels by time:
     D:2: 1084 daAuts
     D:6: 1060 daAuts
     D:4: 771 daAuts
     D:1: 685 daAuts
     D:3: 640 daAuts
   Sewer: 607 daAuts
     D:5: 455 daAuts
     D:7: 387 daAuts
  Temple: 50 daAuts
